 Dungeon Crawl Stone Soup version 0.29.1-4-g47bece8355 (webtiles) character file.

Game seed: 8974104147581382799

196 MajorAdolf the Trooper (level 5, -5/50 HPs)
             Began as a Naga Wanderer on Dec 3, 2022.
             Slain by a gnoll
             ... wielding a +0 halberd
              (12 damage)
             ... on level 4 of the Dungeon.
             The game lasted 00:06:35 (4144 turns).

MajorAdolf the Trooper (Naga Wanderer)              Turns: 4144, Time: 00:06:36

Health: -5/50      AC:  9    Str: 19    XL:     5   Next: 75%
Magic:  6/6        EV:  4    Int: 13    God:
Gold:   136        SH:  0    Dex:  7    Spells: 5/6 levels left

rFire   . . .      SeeInvis +   n - +3 mace (protect)
rCold   . . .      Faith    .   (no shield)
rNeg    . . .      Spirit   .   w - +0 plate armour
rPois   +          Reflect  .   o - +0 helmet
rElec   .          Harm     .   (no cloak)
rCorr   .          Rampage  .   (no gloves)
Will    .....                   (no barding)
Stlth   ..........              i - amulet of regeneration
HPRegen 0.96/turn               (no ring)
MPRegen 0.10/turn               (no ring)

@: very slow
A: AC +1, large, see invisible, deformed body, poison resistance, slowness 2,
spit poison 1, naga tail 1
a: Spit Poison


You were on level 4 of the Dungeon.
You visited 1 branch of the dungeon, and saw 4 of its levels.

You collected 136 gold pieces.

Inventory:

Hand Weapons
 f - a +0 dagger
 m - a +1 dagger of venom
 n - a +3 mace of protection (weapon)
Armour
 o - a +0 helmet (worn)
 w - a +0 plate armour (worn)
Jewellery
 i - an amulet of regeneration (around neck)
 l - a ring of resist corrosion
Wands
 j - a wand of quicksilver (8)
 y - a wand of mindburst (9)
Scrolls
 a - 2 scrolls of enchant armour {unknown}
 c - 3 scrolls of blinking
 d - 6 scrolls of teleportation
 e - 2 scrolls of acquirement {unknown}
 g - 2 scrolls of identify {unknown}
 q - a scroll of torment {unknown}
 t - a scroll of poison {unknown}
 u - a scroll of immolation {unknown}
 x - a scroll of fear {unknown}
Potions
 b - a potion of curing {unknown}
 h - a potion of degeneration {unknown}
 k - 2 potions of mutation {unknown}
 p - a potion of haste {unknown}
 r - a potion of flight {unknown}
 s - a potion of attraction {unknown}
 v - 2 potions of might {unknown}


   Skills:
 + Level 4.1 Fighting
 + Level 1.3 Axes
 + Level 2.8 Armour
 + Level 2.4 Dodging
 - Level 1.0 Spellcasting
 - Level 3.0 Conjurations
 + Level 0.8 Evocations


You had 5 spell levels left.
You knew the following spells:

 Your Spells              Type           Power      Damage    Failure   Level
a - Magic Dart            Conj           32%        1d4       96%         1

Your spell library contained the following spells:

 Spells                   Type           Power      Damage    Failure   Level
 Shock                    Conj/Air       16%        1d4       99%         1
 Dazzling Flash           Conj/Hex       8%         N/A       100%        3


Dungeon Overview and Level Annotations

Branches:
Dungeon (4/15)
 Temple: D:4-7

Altars:
Uskayaw


Innate Abilities, Weirdness & Mutations

Your serpentine skin is tough. (AC +1)
You have supernaturally acute eyesight. (SInv)
Armour fits poorly on your strangely shaped body.
Your system is resistant to poisons. (rPois)
You cover ground very slowly.
You can spit poison.
You have a snake-like lower body.


Message History

You kill the gnoll!
The gnoll hits you with a +0 club. The gnoll barely misses you.
The ball python bites you but does no damage.
The gnoll hits you but does no damage. x2
You hit the gnoll.
The gnoll is heavily wounded.
The ball python bites you. The ball python completely misses you.
The gnoll barely misses you. The gnoll hits you but does no damage.
You hit the gnoll.
The gnoll is severely wounded.
The ball python bites you.
The gnoll hits you but does no damage. x2
The ball python bites you but does no damage.
You closely miss the ball python.
The gnoll hits you but does no damage. x2
The ball python bites you but does no damage.
The gnoll hits you but does no damage. x2
You closely miss the ball python.
The ball python bites you but does no damage.
The gnoll hits you but does no damage. The gnoll barely misses you.
The ball python bites you but does no damage.
You barely miss the ball python.
The ball python bites you but does no damage.
The gnoll completely misses you. The gnoll barely misses you.
The ball python bites you but does no damage.
The gnoll hits you with a +0 club! The gnoll hits you but does no damage.
You closely miss the ball python. The ball python bites you.
The gnoll hits you but does no damage.
The gnoll hits you from afar with a +0 halberd!
You sock the ball python!
Your weapon exudes an aura of protection.
You kill the ball python!
The gnoll hits you but does no damage. The gnoll hits you with a +0 club.
Unknown command.
The gnoll hits you with a +0 halberd.
* * * LOW HITPOINT WARNING * * *
The gnoll hits you but does no damage. x3
You barely miss the gnoll. The gnoll hits you with a +0 halberd!
* * * LOW HITPOINT WARNING * * *
The gnoll hits you but does no damage.
You closely miss the gnoll. The gnoll hits you with a +0 halberd!
You die...

# # ...........## ##
#............ .## #####
............ ...## ..####...##
...........##...### ..##......#
.........#.......## #..>......##
#.................# #..........#
#.g................ ##.........#
#g@................
##........####).................
#.........##?..................
####........##............#......
.###..#....###.........#####.....
...##..##.###...........# #.....
....#..######...........## #.....
.†...#..# #.............# ##....
.....#..####.............# #....


You could see 2 gnolls.

Vanquished Creatures
  A jelly (D:4)
  Robin (D:2)
  A gnoll (D:4)
  3 adders
  5 worms
  2 dart slugs
  7 orcs
  4 ball pythons
  6 endoplasms
  7 giant cockroaches
  7 goblins
  12 hobgoblins
  6 jackals
  A kobold (D:2)
  7 quokkas
  7 bats
  7 rats
84 creatures vanquished.

Notes
Turn   | Place    | Note
-------+----------+-------------------------------------------
     0 | D:1      | MajorAdolf the Naga Wanderer began the quest for the Orb.
     0 | D:1      | MajorAdolf set off with the following items: a +0 club, a
                  | +0 scale mail, a scroll of blinking, a scroll of
                  | teleportation; and the following spells available to
                  | memorise: Magic Dart, Shock, Dazzling Flash.
     0 | D:1      | Reached XP level 1. HP: 21/21 MP: 2/2
     5 | D:1      | Learned a level 1 spell: Magic Dart
   244 | D:1      | Reached XP level 2. HP: 28/28 MP: 1/3
   926 | D:1      | Found a faded altar of an unknown god.
   935 | D:1      | Reached XP level 3. HP: 27/34 MP: 0/4
  2068 | D:2      | Reached XP level 4. HP: 29/43 MP: 0/5
  2489 | D:2      | Noticed Robin
  2497 | D:2      | HP: 2/44 [Robin/bolt of dispelling energy (13)]
  2502 | D:2      | Killed Robin
  3584 | D:3      | Reached XP level 5. HP: 50/50 MP: 0/6
  3678 | D:3      | Found a hide-covered altar of Uskayaw.
  3864 | D:4      | Reached skill level 4 in Fighting
  3930 | D:4      | Reached skill level 1 in Axes
  4144 | D:4      | Slain by a gnoll

Illustrated notes

Levels and vault maps discovered:
D:1:      sevenhm_arrival_forest_fort_large_4, layout_basic,
          hellmonk_ecumenical_altar_slurped_away
D:2:      layout_loops_ring, serial_aquarium, aquarium_bridge_square
          [aquarium_subvault_window, aquarium_subvault_window,
          aquarium_subvault_wall, aquarium_subvault_bridge], aquarium_window_1,
          aquarium_window_3, aquarium_window_1, aquarium_view_2d,
          aquarium_view_2e, aquarium_pool_split, uniq_robin
D:3:      layout_basic, mainiacjoe_overflow_chevrons
D:4:      layout_cave_pods, chequers_mini_garden

Skill      XL: |  1  2  3  4  5 |
---------------+----------------+-----
Armour         | 2 |  2.8
Dodging        | 2 |  2.4
Fighting       | 4 |  4.1
Axes           | 1 |  1.3
Spellcasting   | |  1.0
Conjurations   | |  3.0
Evocations     | |  0.8

Action                   |  1- 3 |  4- 6 || total
-------------------------+-------+-------++-------
Melee: Dagger            |    46 |    49 ||    95
       Mace              |       |   103 ||   103
 Cast: Magic Dart        |    55 |    12 ||    67
 Abil: Spit Poison       |    28 |     8 ||    36
  Use: Potion            |       |     2 ||     2
Armor: Scale mail        |    28 |   126 ||   154
       Plate armour      |       |    54 ||    54
Dodge: Dodged            |    24 |   103 ||   127
